 Dungeon Crawl Stone Soup version 0.27-a0-77-gd04b7445b5 (webtiles) character file.

Game seed: 10350747633412273523

933 epen the Poker (level 8, -9/74 HPs)
             Began as a Naga Fighter on Jan 13, 2021.
             Was an Initiate of Makhleb.
             Mangled by a wyvern (13 damage)
             ... on level 5 of the Dungeon.
             The game lasted 00:08:39 (5018 turns).

epen the Poker (Naga Fighter)                       Turns: 5018, Time: 00:08:40

Health: -9/74      AC:  7    Str: 20    XL:     8   Next: 11%
Magic:  8/8        EV:  7    Int:  9    God:    Makhleb [......]
Gold:   326        SH:  5    Dex: 11    Spells: 7/7 levels left

rFire    . . .     SeeInvis +   a - +1 trident
rCold    . . .     Faith    .   (no shield)
rNeg     . . .     Spirit   .   b - +0 scale mail
rPois    +         Reflect  +   (no helmet)
rElec    .         Harm     .   (no cloak)
rCorr    .         Rampage  .   w - +0 pair of gloves
Will     +....                  (no barding)
Stlth    ..........             h - amulet of reflection
HPRegen  0.22/turn              (no ring)
MPRegen  0.11/turn              (no ring)

@: brilliant, very slow
A: large, see invisible, deformed body, poison resistance, slowness 2, spit
poison 1, AC +2
a: Spit Poison, Renounce Religion


You were on level 5 of the Dungeon.
You worshipped Makhleb.
Makhleb was noncommittal.
You visited 2 branches of the dungeon, and saw 8 of its levels.

You collected 326 gold pieces.

Inventory:

Hand Weapons
 a - a +1 trident (weapon)
Missiles
 f - a throwing net
Armour
 b - a +0 scale mail (worn)
 c - a +0 kite shield
 q - a +0 scale mail
 w - a +0 pair of gloves (worn)
Jewellery
 d - a cursed ring of teleportation {unknown}
 h - an amulet of reflection (around neck)
Scrolls
 e - 3 scrolls of magic mapping
 g - 2 scrolls of teleportation
 i - 4 scrolls of identify
 k - 2 scrolls of amnesia
 l - a scroll of fog
 s - 2 scrolls of remove curse {unknown}
 u - 2 scrolls of enchant armour {unknown}
 v - a scroll of fear
Potions
 n - a potion of magic
 o - a potion of degeneration {unknown}
 p - a potion of mutation {unknown}
 r - 2 potions of curing {unknown}
 t - a potion of attraction {unknown}


   Skills:
 + Level 5.1 Fighting
 * Level 6.2 Polearms
 + Level 4.1 Armour
 + Level 3.7 Shields


You had 7 spell levels left.
You didn't know any spells.
Your spell library contained the following spells:

 Spells                   Type           Power        Failure   Level
 Beastly Appendage        Tmut           0%           75%         1
 Shock                    Conj/Air       0%           75%         1
 Swiftness                Air            0%           86%         2
 Wereblood                Tmut           0%           86%         2
 Spider Form              Tmut/Pois      0%           98%         3
 Static Discharge         Conj/Air       0%           98%         3
 Airstrike                Air            0%           100%        4
 Ice Form                 Ice/Tmut       0%           100%        4
 Blade Hands              Tmut           0%           100%        5
 Lightning Bolt           Conj/Air       0%           100%        5


Dungeon Overview and Level Annotations

Branches:
Dungeon (7/15)             Temple (1/1) D:5

Altars:
Ashenzari
Cheibriados
Dithmenos
Elyvilon
Fedhas
Hepliaklqana
Kikubaaqudgha
Makhleb
Nemelex Xobeh
Qazlal
Ru
Sif Muna
Trog
Uskayaw
Vehumet
Wu Jian
Yredelemnul
The Shining One

Shops:
D:4 (

Annotations:
D:6 Pikel


Innate Abilities, Weirdness & Mutations

You cannot wear boots.
Your serpentine skin is tough. (AC +2)
You have supernaturally acute eyesight. (SInv)
Armour fits poorly on your strangely shaped body.
Your system is resistant to poisons. (rPois)
You cover ground very slowly.
You can spit poison.


Message History

The wyvern is severely wounded.
The wyvern bites you. x2
* * * LOW HITPOINT WARNING * * *
You barely miss the wyvern.
The wyvern is severely wounded.
The wyvern bites you!
* * * LOW HITPOINT WARNING * * *
You feel much better. The wyvern bites you!
* * * LOW HITPOINT WARNING * * *
The wyvern hisses menacingly.
You block the wyvern's attack.
You hit the wyvern.
The wyvern is severely wounded.
The wyvern closely misses you.
You puncture the wyvern!
The wyvern is almost dead.
The wyvern bites you!
* * * LOW HITPOINT WARNING * * *
The wyvern bites you!
You die...

..#### #...#..#.....# ..#
#..######...## ..# #..# #...# ..#
....## ############### ..# ....#.
#.....#.(...#.. ..# #.
#.....#.....#.† ..#############(
#..#..#.(#†.#..
#.............#l###..#..#.(#..#..
#.............#.@....#....)#.....
#.............#......#.....#.....
#.............###################
....####........ ...............
....#..#........ ...............
....#..'.....### ################
....#..#.....# #Y... #....
....####.....# #.... ....
###.....#####.#


You could see a wyvern.

Vanquished Creatures
  A wyvern (D:4)
  A sky beast (D:5)
  A centaur (D:5)
  2 scorpions (D:4)
  2 howler monkeys
  2 hounds
  A bullfrog skeleton (D:4)
  An iguana (D:4)
  3 worker ants
  2 hound skeletons
  A worker ant zombie (D:5)
  4 gnolls (D:2)
  9 adders
  A white imp (D:5)
  An ufetubus (D:2)
  2 oozes
  3 worms
  2 dart slugs (D:1)
  6 leopard geckos
  4 orcs
  6 bats
  3 giant cockroaches
  3 goblins
  3 hobgoblins
  7 jackals
  5 kobolds
  2 quokkas
  7 frilled lizards
  7 rats
92 creatures vanquished.

Notes
Turn   | Place    | Note
-------+----------+-------------------------------------------
     0 | D:1      | epen the Naga Fighter began the quest for the Orb.
     0 | D:1      | Reached XP level 1. HP: 21/21 MP: 1/1
   134 | D:1      | Reached XP level 2. HP: 27/28 MP: 2/2
   484 | D:1      | Reached skill level 3 in Polearms
   484 | D:1      | Reached XP level 3. HP: 6/34 MP: 3/3
   772 | D:2      | Reached XP level 4. HP: 37/42 MP: 4/4
  1163 | D:2      | Found a hazy altar of Hepliaklqana.
  1232 | D:2      | Reached XP level 5. HP: 47/50 MP: 5/5
  1543 | D:2      | Found a blossoming altar of Fedhas.
  1543 | D:2      | Found a glowing golden altar of the Shining One.
  1548 | D:2      | Found a faded altar of an unknown god.
  1551 | D:2      | Found a snail-covered altar of Cheibriados.
  1553 | D:2      | Found a sacrificial altar of Ru.
  1957 | D:3      | Reached skill level 4 in Polearms
  2019 | D:3      | Noticed a +0 hand axe
  2019 | D:3      | Noticed a +0 hand axe
  2021 | D:3      | Found a hide-covered altar of Uskayaw.
  2058 | D:3      | Found a stormy altar of Qazlal.
  2774 | D:4      | Reached XP level 6. HP: 12/57 MP: 6/6
  2800 | D:4      | HP: 2/57 [poisoned by a scorpion]
  2806 | D:4      | HP: 2/57 [poisoned by a scorpion]
  2811 | D:4      | HP: 2/57 [poisoned by a scorpion]
  2817 | D:4      | HP: 2/57 [poisoned by a scorpion]
  2902 | D:4      | Noticed a wyvern
  3283 | D:4      | Killed a wyvern
  3284 | D:4      | Reached skill level 5 in Polearms
  3284 | D:4      | Reached XP level 7. HP: 14/66 MP: 7/7
  3550 | D:4      | Found Giocux's Weapon Shop.
  4108 | D:5      | Entered Level 5 of the Dungeon
  4108 | D:5      | Found a staircase to the Ecumenical Temple.
  4118 | Temple   | Entered the Ecumenical Temple
  4372 | Temple   | Became a worshipper of Makhleb the Destroyer
  4403 | D:5      | Found a shimmering blue altar of Sif Muna.
  4405 | D:5      | Found a sparkling altar of Nemelex Xobeh.
  4535 | D:5      | You fall into a shaft and drop 2 floors!
  4547 | D:6      | Noticed Pikel
  4819 | D:5      | Reached skill level 6 in Polearms
  4852 | D:5      | Reached skill level 5 in Fighting
  4852 | D:5      | Reached XP level 8. HP: 67/74 MP: 8/8
  5004 | D:5      | Noticed a wyvern
  5018 | D:5      | Mangled by a wyvern

Illustrated notes

Levels and vault maps discovered:
D:1:      dpeg_arrival_pond, layout_rooms
D:2:      layout_basic, lemuel_doored_altar,
          chequers_temple_overflow_minitemple, minivault_24,
          kennysheep_generic_room_15
D:3:      layout_basic, dancing_weapons_uskayaw, grunt_qazlal_clouds
D:4:      minmay_razor_zed, layout_cave_pools, serial_shops, shop
D:5:      kennysheep_windowed_halls, layout_gridville,
          chequers_temple_overflow_statue_of_worship,
          minmay_temple_entry_offerings, uniq_blork_the_orc
D:6:      minmay_diamond_boxcup, layout_basic, uniq_pikel
D:7:      layout_basic, kennysheep_mini_moat, basic_altar,
          sigmund_edmund_badplayer
Temple:   compressed_dpeg_triangle_lava_temple

Skill      XL: |  1  2  3  4  5  6  7 |
---------------+----------------------+-----
Polearms       | 3 4 5 6 |  6.2
Armour         | 3 4 |  4.1
Fighting       | 4 5 |  5.1
Shields        | 3 |  3.7

Action                   |  1- 3 |  4- 6 |  7- 9 || total
-------------------------+-------+-------+-------++-------
Melee: Trident           |    61 |   226 |   146 ||   433
 Abil: Spit Poison       |     3 |     2 |     3 ||     8
  Use: Potion            |     1 |     6 |     3 ||    10
       Scroll            |       |     8 |       ||     8
Armor: Scale mail        |    22 |    85 |    47 ||   154
Dodge: Dodged            |    17 |    69 |    44 ||   130
Block: Other             |    12 |    52 |    26 ||    90
       Reflection        |       |       |     1 ||     1

Table legend: (Time is in decaauts)
 A = Elapsed time spent in this place.
 B = Non-inter-level travel time spent in this place.
 C = Inter-level travel time spent in this place.
 D = Time resting spent in this place.
 E = Time spent auto-exploring this place.
 F = Levels seen in this place.
 G = Mean time per level.
                   A        B        C        D        E       F      G
               +--------+--------+--------+--------+--------+-----+--------+
         Total |   6094 |   5862 |    232 |    901 |   4018 |   8 |  761.8 |
       Dungeon |   5713 |   5505 |    208 |    901 |   3701 |   7 |  816.1 |
        Temple |    380 |    357 |     23 |      0 |    316 |   1 |  380.0 |
               +--------+--------+--------+--------+--------+-----+--------+

Top non-repeatable levels by time:
     D:4: 1750 daAuts
     D:2: 1538 daAuts
     D:1: 862 daAuts
     D:3: 830 daAuts
     D:5: 714 daAuts
  Temple: 380 daAuts
     D:6: 10 daAuts
     D:7: 7 daAuts
